[Event "Early-Titled-Tuesday-Blitz-February-06-2024"]
[Site "Chess.com"]
[Date "2024.02.06"]
[Round "7"]
[White "OK97"]
[Black "ScofieldMichael01"]
[Result "0-1"]
[WhiteElo "2809"]
[BlackElo "2638"]
[TimeControl "180+1"]
[EndTime "9:17:58 PST"]
[Termination "ScofieldMichael01 won by resignation"]

1. e4 e6 2. d4 d5 3. e5 c5 4. c3 Nc6 5. Nf3 Bd7 6. Be2 f6 7. O-O fxe5 8. Nxe5 Nxe5 9. dxe5 Qc7 10. Re1 O-O-O 11.
Bf1 Ne7 12. a4 Nf5 13. Na3 a6 14. Nc2 h6 15. b4 g5 16. Ba3 c4 17. b5 Bxa3 18.
Rxa3 a5 19. Nd4 Rdf8 20. Nxf5 Rxf5 21. Qd4 b6 22. g3 Rhf8 23. Ra2 h5 24. Rd2 g4 25. h3 Kb7 26. hxg4 hxg4 27. Qxg4 Rxe5 28. Rxe5 Qxe5 29. Rd4 Kc7 30. Be2 Rf5 31. Kg2 Qf6 32. f3 Qe5 33. Kf2 Rh5 34. Bf1 Rh2+ 35. Bg2 Rxg2+ 36. Kxg2 Qe2+ 37. Kg1 e5 38. Qg7 Qe3+ 39. Kg2 exd4 40. cxd4 c3 41. Qf6 c2 0-1

[Event "Early-Titled-Tuesday-Blitz-February-06-2024"]
[Site "Chess.com"]
[Date "2024.02.06"]
[Round "7"]
[White "Brahianzevich"]
[Black "CaspiIsrael"]
[Result "0-1"]
[WhiteElo "2442"]
[BlackElo "2662"]
[TimeControl "180+1"]
[EndTime "9:17:59 PST"]
[Termination "CaspiIsrael won by resignation"]

1. e4 d5 2. exd5 Qxd5 3. d4 e5 4. dxe5 Qxd1+ 5. Kxd1 Bf5 6. Bd3 Bxd3 7. cxd3 Nc6 8. Nf3 Bc5 9. Be3 Bb6 10. Nc3 Nge7 11. Ke2 Nf5 12. Nd5 O-O-O 13. Nxb6+ axb6 14. Rhd1 Rd5 15. g4 Nxe3 16. Kxe3 Rb5 17. d4 Rxb2 18. Rd2 Rxd2 19.
Nxd2 Nb4 20. Rc1 c6 21. Ne4 Kc7 22. a3 Nd5+ 23. Kf3 h5 24. g5 Ra8 25. Ra1 Ra4 26.
Nd6 Rxd4 27. Kg3 h4+ 28. Kh3 Nf4+ 29. Kxh4 Ng6+ 30. Kg3 Nxe5 31. Ne8+ Kd8 32. Nxg7 Rg4+ 33. Kh3 Rxg5 34. Re1 Rxg7 35. Rxe5 Kd7 36. Re3 c5 37. Kh4 b5 38. Rf3 Ke6 39. h3 Kd5 40. Kh5 c4 41. Rf5+ Kc6 42. Rf6+ Kc5 43. Rf5+ Kb6 44.
Rf6+ Ka5 45. Kh6 Rg6+ 46. Rxg6 fxg6 47. Kxg6 c3 48. h4 c2 49. h5 c1=Q 50. h6 Qxa3 51. h7 Qf8 0-1

[Event "Early-Titled-Tuesday-Blitz-February-06-2024"]
[Site "Chess.com"]
[Date "2024.02.06"]
[Round "7"]
[White "Darius321"]
[Black "deribas12345"]
[Result "0-1"]
[WhiteElo "2367"]
[BlackElo "2520"]
[TimeControl "180+1"]
[EndTime "9:17:59 PST"]
[Termination "deribas12345 won by resignation"]

1. e4 c5 2. Nf3 d6 3. Bb5+ Bd7 4. Bxd7+ Qxd7 5. O-O Nf6 6. Re1 e6 7. c3 Nc6 8. d4 cxd4 9. cxd4 d5 10. exd5 Nxd5 11. Ne5 Nxe5 12. dxe5 Bc5 13. Nd2 O-O 14. Ne4 Bb6 15. Qg4 Kh8 16. Bf4 Rac8 17. Re2 Nxf4 18.
Qxf4 Rc4 19. b3 Rd4 20. Rae1 Qd5 21. Qg5 Bd8 22. Qg3 Ba5 23. Rf1 Rxe4 24. Rxe4 Qxe4 25. h4 Bb6 26. h5 h6 27. Qc3 Rd8 28. a4 Qd4 29.
Qf3 Qxe5 30. Qxf7 Qe2 31. a5 Bxa5 32. Qxb7 Bb6 33. Qf7 e5 34. b4 e4 35. Kh2 Qb5 36. Re1 Qxb4 37. Re2 Qd6+ 38. g3 e3 39. f4 Qd3 40.
Qa2 Ba5 41. Qxa5 Qxe2+ 42. Kh3 Qf1+ 43. Kg4 Qd1+ 44. Kf5 Rd5+ 0-1

[Event "Early-Titled-Tuesday-Blitz-February-06-2024"]
[Site "Chess.com"]
[Date "2024.02.06"]
[Round "7"]
[White "Djager97"]
[Black "VitaliyBernadskiy"]
[Result "0-1"]
[WhiteElo "2629"]
[BlackElo "2917"]
[TimeControl "180+1"]
[EndTime "9:18:00 PST"]
[Termination "VitaliyBernadskiy won on time"]

1. e4 c6 2. d4 d5 3. exd5 cxd5 4. Bd3 Nf6 5. h3 Nc6 6. c3 e5 7. dxe5 Nxe5 8. Nf3 Nxd3+ 9. Qxd3 Bd6 10. O-O O-O 11. Bg5 h6 12. Bh4 g5 13. Bg3 Nh5 14. Nd4 Qf6 15. Bxd6 Qxd6 16. Nd2 Nf4 17. Qf3 Bd7 18. Rfe1 Rae8 19. Nf1 Qg6 20. Ne3 Re5 21. Ng4 Rxe1+ 22. Rxe1 Re8 23. Rxe8+ Bxe8 24. Nf5 Kh7 25. Ngxh6 Bc6 26.
Qe3 Nxg2 27. Qe5 Nh4 28. Nxh4 gxh4+ 29. Ng4 d4 30. Kh2 dxc3 31. bxc3 Kg8 32. Qe7 Qe6 33.
Qg5+ Kf8 34. Qxh4 Qd6+ 35. Qg3 Qd5 36. f3 Qxa2+ 37. Qf2 Qxf2+ 38. Nxf2 a5 0-1

[Event "Early-Titled-Tuesday-Blitz-February-06-2024"]
[Site "Chess.com"]
[Date "2024.02.06"]
[Round "7"]
[White "CFN_Good_Evening"]
[Black "Irishchessman16"]
[Result "1-0"]
[WhiteElo "2031"]
[BlackElo "2497"]
[TimeControl "180+1"]
[EndTime "9:18:00 PST"]
[Termination "CFN_Good_Evening won on time"]

1. e4 c5 2. c3 e5 3. Nf3 Nc6 4. Bc4 Nf6 5. d3 d5 6. exd5 Nxd5 7. O-O Be6 8. Re1 Bd6 9. Nbd2 O-O 10. Ne4 Be7 11.
Neg5 Bg4 12. h3 Bh5 13. g4 Bg6 14. Qe2 Re8 15. Ne4 Kh8 16. h4 f5 17. gxf5 Bxf5 18. Neg5 Bg6 19. Nxe5 Bxg5 20. Nxg6+ hxg6 21. Qxe8+ Qxe8 22. Rxe8+ Rxe8 23. Bxg5 Nb6 24. Bf7 Re2 25. Bxg6 Ne5 26. Bh5 Rxb2 27. Re1 Nbd7 28. d4 cxd4 29. cxd4 Nd3 30. Re8+ Kh7 31. Re7 Nf8 32. Bf6 Nxf2 33. Bxg7 Ng6 34. Rd7 Nh3+ 35. Kf1 Rb1+ 36. Ke2 Ngf4+ 37.
Kf3 Nxh5 38. Be5+ Kg8 39. Kg4 1-0

[Event "Early-Titled-Tuesday-Blitz-February-06-2024"]
[Site "Chess.com"]
[Date "2024.02.06"]
[Round "7"]
[White "NewYearGirl"]
[Black "Cambek64"]
[Result "0-1"]
[WhiteElo "2344"]
[BlackElo "2516"]
[TimeControl "180+1"]
[EndTime "9:18:00 PST"]
[Termination "Cambek64 won by resignation"]

1. e4 e6 2. d4 d5 3. Nc3 Nc6 4. Nf3 Nf6 5. Bg5 Be7 6. Bxf6 Bxf6 7.
e5 Be7 8. a3 b6 9. Bd3 Bb7 10.
Qe2 Qd7 11. O-O O-O-O 12. b4 Kb8 13. Rfb1 f5 14. Ba6 g5 15. Bxb7 Kxb7 16. a4 g4 17. Ne1 Bxb4 18. Nb5 a6 19. Nd3 Be7 20.
Nc5+ Bxc5 21. dxc5 axb5 22. axb5 Ra8 23. bxc6+ Qxc6 24. cxb6 cxb6 25. Qd3 h5 26. h4 Qc4 27. Qd2 Rxa1 28. Rxa1 f4 29. c3 Rc8 30. Qb2 Rc5 31.
Rb1 b5 32. Qa3 Rc6 33. Ra1 Qa4 34. Qe7+ Rc7 35. Rxa4 Rxe7 36. Rxf4 Kc6 37. Rf6 Kc5 38. Rh6 Kc4 39. Rxh5 Kxc3 40. Rg5 b4 41. Rxg4 b3 42.
Rg3+ Kc2 43. Rxb3 Kxb3 44. Kf1 Kc2 45. Ke2 d4 0-1

[Event "Early-Titled-Tuesday-Blitz-February-06-2024"]
[Site "Chess.com"]
[Date "2024.02.06"]
[Round "7"]
[White "chess123456s"]
[Black "Makswolf200817"]
[Result "0-1"]
[WhiteElo "2540"]
[BlackElo "2717"]
[TimeControl "180+1"]
[EndTime "9:18:01 PST"]
[Termination "Makswolf200817 won by checkmate"]

1. e4 c5 2. Nf3 d6 3. d4 cxd4 4. Nxd4 Nf6 5. Nc3 a6 6. h3 e5 7.
Nb3 Be7 8. g4 b5 9. a4 b4 10. Nd5 Nxd5 11. Qxd5 Ra7 12. Be3 Be6 13. Qd3 Rd7 14. Bg2 d5 15. Nc5 d4 16. Nxd7 Nxd7 17. Bd2 a5 18. O-O O-O 19. f4 Nc5 20. Qe2 f6 21.
Rf2 d3 22. cxd3 Nxd3 23. Rff1 Nxb2 24. Bxb4 Qd4+ 25. Rf2 Bxb4 26. Qxb2 Bc3 27. Qb7 Bxa1 28. f5 Bf7 29. g5 Qxa4 30. gxf6 Bd4 31. fxg7 Kxg7 32.
f6+ Kh8 33. Qe7 Qb4 34. Qd7 Qe1+ 35. Kh2 Qxf2 36. Qg4 Qg1+ 37. Kg3 Rg8 38. Qg7+ Rxg7+ 39. fxg7+ Kxg7 40. Kh4 Qf2+ 41. Kg5 Qf4# 0-1

[Event "Early-Titled-Tuesday-Blitz-February-06-2024"]
[Site "Chess.com"]
[Date "2024.02.06"]
[Round "7"]
[White "Alex_Sahakyan2006"]
[Black "Philippians46"]
[Result "1-0"]
[WhiteElo "2894"]
[BlackElo "2606"]
[TimeControl "180+1"]
[EndTime "9:18:02 PST"]
[Termination "Alex_Sahakyan2006 won on time"]

1. e4 c5 2. Nf3 d6 3. Nc3 Nf6 4.
e5 dxe5 5. Nxe5 a6 6. a4 Nbd7 7.
Nc4 b6 8. Qf3 Ra7 9. d3 Bb7 10.
Qg3 g6 11. Bf4 Bc6 12. Be2 Bg7 13. Bf3 Qa8 14. a5 Bxf3 15. axb6 Bxg2 16. Rg1 Nxb6 17.
Nxb6 Qd8 18. Bb8 Rb7 19. Be5 Qxb6 20. Qxg2 O-O 21. b3 Rd7 22. O-O-O a5 23. Na4 Qb5 24.
Rge1 Rfd8 25. Bc3 c4 26. dxc4 Qf5 27. Rxd7 Nxd7 28. Bxg7 Kxg7 29. Rd1 Rb8 30. Qd5 Qf4+ 31. Qd2 Qxd2+ 32. Rxd2 Ne5 33. Rd5 Ng4 34. c5 Rc8 35. c3 Nxf2 36. b4 e6 37. Rd7 1-0

[Event "Early-Titled-Tuesday-Blitz-February-06-2024"]
[Site "Chess.com"]
[Date "2024.02.06"]
[Round "7"]
[White "ChEsper99"]
[Black "Orphanator2009"]
[Result "1-0"]
[WhiteElo "2231"]
[BlackElo "2445"]
[TimeControl "180+1"]
[EndTime "9:18:02 PST"]
[Termination "ChEsper99 won by checkmate"]

1. e4 c5 2. Nf3 d6 3. Bb5+ Bd7 4. Bxd7+ Nxd7 5. O-O Ngf6 6. d3 g6 7. c4 Bg7 8. Nc3 O-O 9. h3 Rc8 10. Be3 a6 11. Rc1 Qa5 12. a3 b5 13. Qd2 bxc4 14.
dxc4 Qb6 15. b4 Qb7 16. Nd5 Nxd5 17. exd5 cxb4 18. axb4 Nb6 19. Qd3 Na4 20. Nd4 Nb2 21. Qb3 f5 22. g3 f4 23. gxf4 Qd7 24. Qxb2 Qxh3 25. Qe2 g5 26. fxg5 Be5 27. f4 Bg7 28. Qf3 Qh4 29. Kg2 Rc7 30. Qg3 Qh5 31. Rh1 Qg6 32.
Qg4 Rfc8 33. Qe6+ Qxe6 34. dxe6 Rxc4 35. Rxc4 Rxc4 36. Nf3 Rxb4 37. Rc1 Rb1 38. Rxb1 Bc3 39. Rb3 Kg7 40. Rxc3 Kg6 41. Ra3 Kf5 42. Rxa6 Kg4 43.
Ra7 h5 44. Rxe7 h4 45. Nxh4 Kxh4 46. Rd7 Kg4 47. Rxd6 Kf5 48. e7 Ke4 49. e8=Q+ Kf5 50. Rf6+ Kg4 51. g6 Kh4 52. Qh8+ Kg4 53. Qh3# 1-0

[Event "Early-Titled-Tuesday-Blitz-February-06-2024"]
[Site "Chess.com"]
[Date "2024.02.06"]
[Round "7"]
[White "LuisFSiles"]
[Black "topce"]
[Result "0-1"]
[WhiteElo "2248"]
[BlackElo "2391"]
[TimeControl "180+1"]
[EndTime "9:18:02 PST"]
[Termination "topce won on time"]

1. e4 e6 2. d4 d5 3. e5 c5 4. c3 Nc6 5. Nf3 Nge7 6. Na3 Nf5 7. Nc2 Qa5 8. dxc5 Qxc5 9. Bd3 Qb6 10. O-O Be7 11. Bxf5 exf5 12. Qxd5 Be6 13. Qd3 Rd8 14. Qe2 h6 15. b3 Qc5 16. c4 g5 17. Bb2 O-O 18.
Rfd1 f4 19. Nfd4 Nxd4 20. Nxd4 Qb6 21. Nxe6 Qxe6 22. Qh5 Bc5 23. h4 Qg6 24. Qf3 b6 25.
Rd5 Rxd5 26. cxd5 Qc2 27. Qc3 Qxf2+ 28. Kh2 Qxh4+ 29. Qh3 Qxh3+ 30. Kxh3 Rd8 31. Rd1 Kg7 32.
Kg4 Kg6 33. Kf3 Kf5 34. d6 Rd7 35. Rh1 Kg6 36. Kg4 Be3 37. Kf3 Bc5 38. Ke4 Bxd6 39. exd6 Rxd6 40. Be5 Re6 41. Kd5 Kf5 0-1

[Event "Early-Titled-Tuesday-Blitz-February-06-2024"]
[Site "Chess.com"]
[Date "2024.02.06"]
[Round "7"]
[White "Orest_Vovk"]
[Black "Zohid6"]
[Result "0-1"]
[WhiteElo "2583"]
[BlackElo "2874"]
[TimeControl "180+1"]
[EndTime "9:18:03 PST"]
[Termination "Zohid6 won on time"]

1. g4 d5 2. h3 e5 3. Bg2 h5 4. d4 e4 5. c4 hxg4 6. cxd5 gxh3 7.
Bxe4 Nf6 8. Bg5 Be7 9. Bxf6 Bxf6 10. Nc3 Qe7 11. Qd3 Na6 12. a3 Bd7 13. Nxh3 O-O-O 14. O-O-O Rh4 15. Ng1 Rxh1 16. Bxh1 Rh8 17. Be4 Bh4 18. Nf3 Bxf2 19. Ne5 Nb8 20. Bf5 Qg5+ 21.
Kb1 Qxf5 22. e4 Qh3 23. Qc4 f6 24. d6 c6 25. Ng6 Re8 26. Ne7+ Kd8 27. Qb4 Qe6 28.
Qxb7 Qxd6 29. Nf5 Qc7 30. Qb4 Bxf5 31. exf5 Bg3 32. d5 c5 33. Qg4 Bd6 34. Nb5 Qd7 35.
Nxd6 Qxd6 36. Qxg7 Nd7 37. Qg1 Kc7 38. Qf1 Rb8 39.
Qc4 Ne5 40. Qa4 a6 41. Rh1 Qxd5 42. Rh7+ Nd7 43. Qa5+ Rb6 44. Ka1 Qd1+ 45. Ka2 Qb3+ 0-1

[Event "Early-Titled-Tuesday-Blitz-February-06-2024"]
[Site "Chess.com"]
[Date "2024.02.06"]
[Round "7"]
[White "Yan_Dyomin2010"]
[Black "Kotofeyca"]
[Result "1-0"]
[WhiteElo "2589"]
[BlackElo "2419"]
[TimeControl "180+1"]
[EndTime "9:18:03 PST"]
[Termination "Yan_Dyomin2010 won by checkmate"]

1. e4 c5 2. c3 Nf6 3. e5 Nd5 4. Bc4 Nb6 5. Bb3 d5 6. exd6 e6 7. Nf3 Bxd6 8. O-O Nc6 9. d4 cxd4 10. cxd4 Nb4 11. Nc3 O-O 12. Re1 Bd7 13. Ne5 Rc8 14. Qf3 Bc6 15. Qg3 Kh8 16. Qg4 Bd5 17. Nxd5 N6xd5 18. Qe4 Qc7 19. Bd2 Nc6 20. Rac1 Rfd8 21. g3 Bxe5 22.
dxe5 Nde7 23. Bg5 Rd4 24. Qf3 Nxe5 25. Qe3 N7c6 26. Bf4 f6 27. Bxe6 Rcd8 28. Bb3 Qd7 29. Bc2 Qg4 30. Be4 h5 31. Bxe5 Nxe5 32. Bxb7 Rd3 33.
Qe2 Nf3+ 34. Bxf3 Rxf3 35. Kg2 Rdd3 36. Qe8+ Kh7 37. Qe4+ Qxe4 38. Rxe4 f5 39. Re2 h4 40.
Rc4 hxg3 41. hxg3 g5 42. Re6 g4 43. Rc7+ Kg8 44. Re8# 1-0

[Event "Early-Titled-Tuesday-Blitz-February-06-2024"]
[Site "Chess.com"]
[Date "2024.02.06"]
[Round "7"]
[White "ploxoi"]
[Black "gpsji27"]
[Result "1-0"]
[WhiteElo "2451"]
[BlackElo "2312"]
[TimeControl "180+1"]
[EndTime "9:18:03 PST"]
[Termination "ploxoi won by resignation"]

1. d4 d5 2. c4 e6 3. Nf3 Nf6 4. g3 Be7 5. Bg2 O-O 6. O-O dxc4 7. Qc2 a6 8. a4 Bd7 9. Rd1 Bc6 10. Nc3 Nbd7 11.
e4 b5 12. d5 exd5 13. e5 Ne4 14. Nxd5 Bxd5 15. Rxd5 c6 16. Rxd7 Qxd7 17. Qxe4 Qd1+ 18. Qe1 Rfd8 19. Be3 Qb3 20. Nd4 Rxd4 21. Bxd4 Rd8 22. Qc3 c5 23. Qxb3 cxb3 24. Be3 c4 25. axb5 axb5 26.
Bf1 g6 27. Kg2 Rc8 28. Bd4 h5 29. h4 b4 30. Rc1 c3 31. bxc3 b2 32. Rb1 bxc3 33.
Bxc3 Rxc3 34. Rxb2 Rc5 35. f4 Rc3 36. Be2 Bc5 37. Bf3 Ba3 38. Rb8+ Kg7 39. Rb7 Kf8 40. Bd5 Be7 41. Ra7 Rc2+ 42. Kf3 Rf2+ 43. Ke4 Bc5 44. Rxf7+ Ke8 45. Rg7 Re2+ 46. Kf3 Rf2+ 47. Ke4 Re2+ 48.
Kd3 Re3+ 49. Kc4 Bf8 50. Rxg6 Be7 51. Be6 Bd8 52. Rg8+ Ke7 53. Bf5 Bb6 54. Kd5 Rd3+ 55. Bxd3 1-0

[Event "Early-Titled-Tuesday-Blitz-February-06-2024"]
[Site "Chess.com"]
[Date "2024.02.06"]
[Round "7"]
[White "Dedic8"]
[Black "FREDERICKtheMATE"]
[Result "0-1"]
[WhiteElo "2856"]
[BlackElo "2659"]
[TimeControl "180+1"]
[EndTime "9:18:04 PST"]
[Termination "FREDERICKtheMATE won by resignation"]

1. d4 Nf6 2. c4 e6 3. Nc3 Bb4 4. e3 O-O 5. Bd3 c5 6. Ne2 cxd4 7.
exd4 d5 8. cxd5 Nxd5 9. O-O Nc6 10. Nxd5 exd5 11. a3 Bd6 12. Bf4 Bg4 13. Qd2 Bxe2 14. Bxe2 Qf6 15. Bxd6 Qxd6 16. Rac1 Rfe8 17. Bf3 Ne7 18.
Rfe1 Nf5 19. g3 h6 20. Kg2 b6 21. Bg4 Qf6 22. Qf4 Nh4+ 23. Kh3 Qxf4 24. gxf4 Ng6 25. Kg3 Rxe1 26. Rxe1 Kf8 27. Rc1 Re8 28. Rc7 Re7 29. Rc6 Re4 30. Rc8+ Re8 31. Rc6 Re4 32. f5 Ne7 33. Rc7 h5 34. Bh3 Rxd4 35. Rxa7 Rd3+ 36.
Kg2 f6 37. b4 Rb3 38. Ra6 Ke8 39. f3 Kd7 40. Rxb6 Rxa3 41. Kg3 Kc7 42. Re6 Kd7 43. b5 Rb3 44. b6 Nc6 45. Kh4 Nd4 46. Kxh5 Nxe6 47.
fxe6+ Ke7 48. Kg6 Rxb6 49. Bf5 d4 50. Kxg7 Rb3 0-1

[Event "Early-Titled-Tuesday-Blitz-February-06-2024"]
[Site "Chess.com"]
[Date "2024.02.06"]
[Round "7"]
[White "soloderisas"]
[Black "GMAkobianSTL"]
[Result "1-0"]
[WhiteElo "2542"]
[BlackElo "2711"]
[TimeControl "180+1"]
[EndTime "9:18:04 PST"]
[Termination "soloderisas won by checkmate"]

1. d4 e6 2. Nf3 f5 3. Bf4 Nf6 4. e3 b6 5. Be2 Bb7 6. O-O Be7 7. h3 O-O 8. Nbd2 Bd6 9. c4 Bxf4 10.
exf4 c5 11. Re1 Qc7 12. Nb3 Ne4 13. Qc1 d6 14. Qe3 Nd7 15. Rad1 Rae8 16. Bf1 a6 17.
dxc5 bxc5 18. Nbd2 Ndf6 19. Ng5 h6 20. Ngxe4 fxe4 21. g3 d5 22. cxd5 exd5 23. Rc1 Rc8 24. b4 d4 25. Qb3+ Kh8 26. Rxc5 Qd7 27. Nc4 Rxc5 28.
bxc5 Bd5 29. Qb2 Bxc4 30. Bxc4 Rc8 31. Bxa6 Rxc5 32. Qb8+ Kh7 33. a4 d3 34. Bb5 Qd4 35.
a5 d2 36. Rd1 e3 37. Kf1 exf2 38. a6 Ne4 39. a7 Nxg3+ 40. Kg2 f1=Q+ 41. Bxf1 Nxf1 42. a8=Q Ne3+ 43. Kf3 Nxd1 44. Qh8+ Kg6 45. Qae8+ Kf5 46. Qh7+ Kf6 47. Qhg6# 1-0

[Event "Early-Titled-Tuesday-Blitz-February-06-2024"]
[Site "Chess.com"]
[Date "2024.02.06"]
[Round "7"]
[White "vladoboch"]
[Black "TregubovP"]
[Result "0-1"]
[WhiteElo "2474"]
[BlackElo "2687"]
[TimeControl "180+1"]
[EndTime "9:18:06 PST"]
[Termination "TregubovP won on time"]

1. e4 c5 2. Nf3 e6 3. g3 d5 4.
exd5 exd5 5. d4 Nc6 6. Bg2 Bg4 7. O-O Nxd4 8. Qe1+ Be7 9. Nxd4 cxd4 10. Qe5 Nf6 11.
Qxd4 O-O 12. Nc3 Rc8 13. Bg5 Be6 14. Rad1 h6 15. Bf4 Bc5 16. Qd2 Bb4 17. Be5 Ne4 18. Bxe4 dxe4 19. Qe3 Qg5 20. Qxe4 Rc4 21. Rd4 Bxc3 22. bxc3 Rxc3 23. h4 Qh5 24. Rb4 Rc5 25. Bd4 Bd5 26. Qd3 Rxc2 27. Rb5 Qf3 28. Qxf3 Bxf3 29.
Re1 a6 30. Rb2 Rfc8 31. Rxc2 Rxc2 32. a3 g5 33. hxg5 hxg5 34. Kh2 g4 35. Kg1 Ra2 36. Bc5 Kh7 37. Kf1 Kg6 38. Rb1 b5 39. Ke1 Kf5 40. Rb4 Ke5 41. Rf4 Kd5 42. Bb4 Re2+ 43. Kf1 Ra2 0-1

[Event "Early-Titled-Tuesday-Blitz-February-06-2024"]
[Site "Chess.com"]
[Date "2024.02.06"]
[Round "7"]
[White "casparov00000"]
[Black "noblerone"]
[Result "0-1"]
[WhiteElo "2317"]
[BlackElo "2453"]
[TimeControl "180+1"]
[EndTime "9:18:07 PST"]
[Termination "noblerone won by resignation"]

1. e4 c5 2. c3 d5 3. exd5 Qxd5 4. d4 Nf6 5. Nf3 Bg4 6. Qa4+ Nc6 7. Bc4 Qe4+ 8. Be3 cxd4 9. Nbd2 Qf5 10. Nxd4 Qc8 11.
Bb5 Bd7 12. O-O e6 13. Rfe1 Be7 14. Nf5 exf5 15. Bc5 Be6 16. Bxe7 Kxe7 17. Nc4 Kf8 18.
Nd6 Qc7 19. Nxb7 Ne7 20. Na5 g6 21. Qh4 Kg7 22. Nb3 h6 23. Nd4 Bd5 24. c4 Bb7 25. f3 Rhd8 26. Rad1 Neg8 27. Qf2 a6 28.
Ba4 Rac8 29. Bb3 Qc5 30. h4 h5 31. Kh1 Qc7 32. Re2 Qf4 33. g3 Qc7 34. Kh2 Nh6 35. Re6 Nhg4+ 36. fxg4 Nxg4+ 37. Kg1 Nxf2 38. Re2 Ng4 39.
Rdd2 Qxg3+ 40. Kf1 Rxd4 41. Rxd4 Qf3+ 42. Ke1 Qg3+ 43.
Kd2 Qxh4 44. Rd7 Qg5+ 45. Kc2 Bc6 46. c5 Bxd7 47. Re7 Qxe7 0-1

[Event "Early-Titled-Tuesday-Blitz-February-06-2024"]
[Site "Chess.com"]
[Date "2024.02.06"]
[Round "7"]
[White "Hikaru"]
[Black "rasmussvane"]
[Result "1-0"]
[WhiteElo "3309"]
[BlackElo "2973"]
[TimeControl "180+1"]
[EndTime "9:18:08 PST"]
[Termination "Hikaru won by resignation"]

1. Nf3 d5 2. e3 Nf6 3. b3 Bf5 4. g3 e6 5. Nh4 Be4 6. f3 Bg6 7. Bb2 Bd6 8. d3 e5 9. Nd2 Qe7 10. a3 a5 11. Qe2 c6 12. e4 Nbd7 13. Bh3 O-O 14. Nxg6 hxg6 15. O-O Nc5 16. Rfe1 Rfe8 17. Kh1 Rad8 18. Nf1 Ne6 19. Ne3 Nd4 20. Qf1 Bc5 21.
b4 Bb6 22. c3 Nb3 23. Rad1 axb4 24. axb4 d4 25. Nc2 dxc3 26. Bxc3 Nd4 27. Bxd4 Bxd4 28. Rb1 Bb6 29. Rb3 Ra8 30. Ra1 Qd6 31. Qb1 Bd4 32.
Raa3 b5 33. Qa2 Rxa3 34. Rxa3 Rd8 35. Bf1 g5 36. Be2 g6 37. Ra6 Kg7 38. Kg2 Qc7 39. Nxd4 Rxd4 40. Ra7 Qxa7 41. Qxa7 Rxb4 42. Qe7 Rb2 43. Kf2 b4 44. Qxe5 Ra2 45. Ke3 b3 46.
Bd1 b2 47. Bc2 c5 48. Bb1 Ra7 49. Qxb2 g4 50. fxg4 Ra6 51. g5 Rb6 1-0

[Event "Early-Titled-Tuesday-Blitz-February-06-2024"]
[Site "Chess.com"]
[Date "2024.02.06"]
[Round "7"]
[White "threemind"]
[Black "Iana_Shirova"]
[Result "0-1"]
[WhiteElo "2127"]
[BlackElo "2279"]
[TimeControl "180+1"]
[EndTime "9:18:08 PST"]
[Termination "Iana_Shirova won by resignation"]

1. c4 c6 2. g3 d5 3. Bg2 Nf6 4. d4 g6 5. Nf3 Bg7 6. O-O O-O 7. cxd5 cxd5 8. Nc3 Ne4 9. Ne5 Nxc3 10. bxc3 f6 11.
Nd3 Na6 12. e4 dxe4 13. Bxe4 Kh8 14. Re1 e5 15. dxe5 fxe5 16. Be3 Qc7 17. Nb4 Nxb4 18. cxb4 Bf5 19. Rc1 Qf7 20. Bd5 Be6 21. Bg2 Bxa2 22. Bc5 Rfd8 23. Qg4 Bd5 24. Re2 Bxg2 25. Kxg2 Rac8 26.
Rce1 b6 27. Be3 Qf5 28. Qh4 Rf8 29. Bh6 Bf6 30. Qh3 Qxh3+ 31. Kxh3 Rfd8 32. f4 exf4 33. Bxf4 Bc3 34. Rb1 Re8 35. Rc2 Bg7 36. Ra2 Re7 37. Rd1 h6 38. Rad2 g5 39. Bd6 Rd7 40. Rd5 Rcd8 41.
b5 Kh7 42. R5d2 Bf8 43. Bb4 Rxd2 44. Rxd2 Rxd2 45. Bxd2 Bd6 46. Kg4 Kg6 47. Kf3 Kf5 48.
Bc3 g4+ 49. Ke3 Bc5+ 50. Ke2 h5 51. Bg7 Ke4 52. Bh6 Kd5 53. Bf4 Kc4 54. Bb8 Kxb5 55. Bxa7 Kc4 56. Bb8 b5 57. Be5 b4 58. Kd2 Kb3 59.
Kd3 Ka2 60. Kc4 Bf8 61. Bd6 Bxd6 0-1

[Event "Early-Titled-Tuesday-Blitz-February-06-2024"]
[Site "Chess.com"]
[Date "2024.02.06"]
[Round "7"]
[White "Keeper0416"]
[Black "KhazhatulyAlikhan"]
[Result "1-0"]
[WhiteElo "2571"]
[BlackElo "2408"]
[TimeControl "180+1"]
[EndTime "9:18:09 PST"]
[Termination "Keeper0416 won by checkmate"]

1. f4 c5 2. e3 e6 3. b3 d5 4. Bb2 Nf6 5. Nf3 Nc6 6. Bb5 Bd7 7.
O-O Be7 8. Qe1 a6 9. Bd3 b5 10. a3 c4 11. Be2 cxb3 12. cxb3 Na5 13. Nd4 Bc5 14. Bd1 Nc6 15. Nf3 Qb6 16. b4 Be7 17.
Bc2 a5 18. bxa5 Nxa5 19. Qg3 g6 20. Ne5 Nc4 21. Bd4 Qc7 22. Nc3 Nxd2 23. Rf2 Nc4 24. Qh4 b4 25. Nxd7 Nxd7 26. Qh6 Rf8 27. Nb5 Qb7 28.
a4 Ndb6 29. Bg7 Nxe3 30. Bxf8 Bxf8 31. Qxh7 Bc5 32. Bxg6 Ng4 33. Qg8+ Kd7 34. Qxf7+ Kc8 35. Qe8# 1-0

[Event "Early-Titled-Tuesday-Blitz-February-06-2024"]
[Site "Chess.com"]
[Date "2024.02.06"]
[Round "7"]
[White "Levanzovsky"]
[Black "BallottiLuca"]
[Result "1-0"]
[WhiteElo "2518"]
[BlackElo "2359"]
[TimeControl "180+1"]
[EndTime "9:18:09 PST"]
[Termination "Levanzovsky won by checkmate"]

1. d4 Nf6 2. c4 g6 3. Nc3 Bg7 4. e4 d6 5. Be2 O-O 6. Be3 e5 7.
d5 Na6 8. h4 Nc5 9. f3 Nh5 10.
b4 Na6 11. a3 Nf4 12. Bf1 f5 13. Nge2 fxe4 14. Nxe4 c6 15. dxc6 bxc6 16. Qxd6 Nd3+ 17. Kd2 Qxd6 18. Nxd6 e4 19. Bd4 Bh6+ 20. Kc3 exf3 21.
gxf3 c5 22. Kxd3 cxd4 23. Nxd4 Bg7 24. c5 Rf4 25. Ne4 Bf5 26. Ke3 Bxd4+ 27. Kxf4 Bxa1 28. Bxa6 Bd4 29. Rd1 Rd8 30. Nd6 Bg7 31. Bc4+ Kf8 32. Re1 Bh6+ 33. Kg3 g5 34. Nxf5 gxh4+ 35. Kg4 Bg7 36.
Re7 Bf6 37. Rf7+ Kg8 38. Rxf6+ Kh8 39. c6 h5+ 40. Kxh5 h3 41. c7 Rc8 42. Rh6# 1-0

[Event "Early-Titled-Tuesday-Blitz-February-06-2024"]
[Site "Chess.com"]
[Date "2024.02.06"]
[Round "7"]
[White "the_blue_pill"]
[Black "ChessSG1"]
[Result "0-1"]
[WhiteElo "2301"]
[BlackElo "2434"]
[TimeControl "180+1"]
[EndTime "9:18:09 PST"]
[Termination "ChessSG1 won by resignation"]

1. d4 Nf6 2. Nf3 e6 3. Bf4 c5 4.
c3 Nc6 5. e3 d5 6. Nbd2 Bd6 7.
Bg3 O-O 8. Bd3 b6 9. Qe2 Bb7 10. Rd1 Ne7 11. e4 dxe4 12. Nxe4 Nxe4 13. Bxe4 Bxe4 14.
Qxe4 c4 15. Bxd6 Qxd6 16. Ne5 b5 17. O-O Nd5 18. f4 f6 19. Nf3 Nxf4 20. Rfe1 Rae8 21. Qb7 Qd5 22. Qxa7 Ra8 23. Qc7 Nd3 24. Re2 Rxa2 25. Rb1 Raa8 26. Qg3 Rfe8 27. Ne1 Qf5 28. Nxd3 cxd3 29.
Rd2 e5 30. Qxd3 Qxd3 31. Rxd3 e4 32. Re3 f5 33. Rbe1 Ra2 34. b3 Rb2 35. c4 bxc4 36. bxc4 Rd8 37. d5 Rc2 38. g4 g6 39. gxf5 gxf5 40. Rf1 Rf8 41. Rg3+ Kh8 42. Rg5 f4 43. Re5 e3 44. Rxe3 Rg8+ 45. Kh1 fxe3 0-1

[Event "Early-Titled-Tuesday-Blitz-February-06-2024"]
[Site "Chess.com"]
[Date "2024.02.06"]
[Round "7"]
[White "LangesNasenhaar"]
[Black "CarlosjPineror"]
[Result "1-0"]
[WhiteElo "2509"]
[BlackElo "2695"]
[TimeControl "180+1"]
[EndTime "9:18:10 PST"]
[Termination "LangesNasenhaar won by resignation"]

1. d4 Nf6 2. Bg5 c5 3. Bxf6 gxf6 4. d5 e6 5. c4 f5 6. Nc3 Bg7 7. e3 O-O 8. Bd3 Qa5 9. Ne2 a6 10. a4 d6 11. O-O e5 12. f4 e4 13. Bc2 Nd7 14. g4 fxg4 15. Nxe4 Qc7 16. Qd3 f5 17. Ng5 Nb8 18. Ng3 Qe7 19. e4 Bd4+ 20. Kh1 fxe4 21.
N5xe4 Rf7 22. Rae1 Qd8 23. Nxd6 Qxd6 24. Re8+ Qf8 25.
Rxf8+ Kxf8 26. Ne2 Bf6 27. Ng3 Bd4 28. Qb3 Nd7 29. Bf5 Nf6 30. Bxc8 Rxc8 31. Nf5 Re8 32. Nxd4 cxd4 33. Qd3 Re4 34. c5 h5 35. c6 bxc6 36. dxc6 Kg7 37. Rc1 Rc7 38. Qxa6 Re2 39. Qb6 Rce7 40.
Qxd4 h4 41. c7 h3 42. c8=Q Re1+ 43. Qg1 Rxg1+ 44. Rxg1 Kf7 45. Rf1 Re6 46. Qc4 Ke7 47. f5 Re5 48. Qc3 Re4 49. Re1 Kd6 50. Rxe4 Nxe4 51.
Qd4+ 1-0